 Dungeon Crawl Stone Soup version 0.17-a0-1914-gde4187c (webtiles) character file.

25 Kolbur the Chiller (level 3, -1/24 HPs)
             Began as a Merfolk Ice Elementalist on Sept 26, 2015.
             Slain by a gnoll (4 damage)
             ... on level 2 of the Dungeon.
             The game lasted 00:04:43 (400 turns).

Kolbur the Chiller (Merfolk Ice Elementalist)        Turns: 400, Time: 00:04:43

Health: -1/24      AC:  7    Str:  8    XL:     3   Next: 4%
Magic:  2/6        EV: 13    Int: 15    God:
Gold:   15         SH:  0    Dex: 14    Spells: 2 memorised, 2 levels left

rFire  . . .     SeeInvis .     d - +0 dagger
rCold  . . .     Clarity  .     a - +0 robe
rNeg   . . .     SustAt   .     (no shield)
rPois  .         Gourm    .     (no helmet)
rElec  .         Spirit   .     (no cloak)
rCorr  .         Warding  .     (no gloves)
rMut   .         Stasis   .     (no boots)
MR     .....                    (no amulet)
Stlth  ++........               (no ring)
                                (no ring)

@: icy armour (expiring), not resistant to hostile enchantments, unstealthy
A: change form in water, swift swim
a: no special abilities


You were on level 2 of the Dungeon.
You were not hungry.

You visited 1 branch of the dungeon, and saw 2 of its levels.

You collected 15 gold pieces.

Inventory:

Hand weapons
 d - a +0 dagger (weapon)
Missiles
 e - 34 stones (quivered)
Armour
 a - a +0 robe (worn)
Scrolls
 f - a scroll of blinking {unknown}
 g - a scroll of recharging {unknown}
 h - a scroll of identify {unknown}
Potions
 i - 2 potions of brilliance {unknown}
Books
 b - a book of Frost

   Spells                             Type                      Level
   a - Freeze                         Ice                          1
   b - Throw Frost                    Conjuration/Ice              2
   c - Ozocubu's Armour               Charms/Ice                   3
   d - Throw Icicle                   Conjuration/Ice              4
   e - Summon Ice Beast               Ice/Summoning                4
   f - Condensation Shield            Ice                          4
Comestibles
 c - a bread ration


   Skills:
 - Level 2.6 Dodging
 - Level 2.1 Stealth
 - Level 2.0 Spellcasting
   Level 0.7 Conjurations
 + Level 4.5 Ice Magic


You had 2 spell levels left.
You knew the following spells:

 Your Spells              Type           Power        Failure   Level  Hunger
a - Freeze                Ice            ###.         3%          1    #......
o - Ozocubu's Armour      Chrm/Ice       #.......     30%         3    ###....


Dungeon Overview and Level Annotations

Branches:
Dungeon (2/15)

Altars:


Message History

Casting: Freeze
Confirm with . or Enter, or press ? or * to list all spells.
You don't have enough magic to cast that spell.
Unknown command.
You hit the gnoll but do no damage.
The gnoll is severely wounded.
The gnoll hits you with a spear.
You hit the gnoll.
The gnoll is almost dead.
The gnoll barely misses you.
You barely miss the gnoll.
The gnoll is almost dead.
The gnoll hits you with a spear.
* * * LOW HITPOINT WARNING * * *
You hit the gnoll but do no damage.
The gnoll is almost dead.
You open the door.
Your icy armour starts to melt.
The gnoll hits you.
You die...

.........#...######
.......####
...................
.............
##########.########
#..>......... #.#
#............ #.#
#######...... #.## #..##
..... #.##
......###############..#
......'@gg.g............
.......####....########..
##### #....# #.. #....#
#.. #....# ..g. #....#
#..... #....# #.....
#....# #####. #.


You could see 3 gnolls.

Vanquished Creatures
  2 adders (D:2)
  5 bats
  A giant newt (D:2)
  2 goblins
10 creatures vanquished.

Notes
Turn   | Place    | Note
--------------------------------------------------------------
     0 | D:1      | Kolbur the Merfolk Ice Elementalist began the quest for the Orb.
     0 | D:1      | Reached XP level 1. HP: 13/13 MP: 3/3
   134 | D:2      | Reached XP level 2. HP: 16/19 MP: 0/5
   161 | D:1      | Reached skill level 4 in Ice Magic
   294 | D:1      | Reached XP level 3. HP: 12/24 MP: 4/6
   302 | D:1      | Learned a level 3 spell: Ozocubu's Armour
   400 | D:2      | Slain by a gnoll

Vault maps used:
D:1:      dpeg_arrival_houses_and_road

Action                   || total
-------------------------++-------
Melee: Dagger            ||     9
 Cast: Freeze            ||    14
       Ozocubu's Armour  ||     1
 Stab: Sleeping          ||     3

Vault maps used:
D:1:      dpeg_arrival_houses_and_road

Table legend:
 A = Turns spent in this place as a percentage of turns spent in the entire game.
 B = Non-inter-level travel turns spent in this place as a percentage of non-inter-level travel turns spent in the entire game.
 C = Inter-level travel turns spent in this place as a percentage of turns spent in this place.
 D = Turns resting spent in this place as a percentage of non-inter-level travel turns spent in this place.
 E = Turns spent auto-exploring this place as a percentage of non-inter-level travel turns spent in this place.
 F = Non-inter-level travel turns spent in this place divided by the number of levels of this place that you've seen.
                   A       B       C       D       E      F
               +-------+-------+-------+-------+-------+----------------------
         Total | 100.0 | 100.0 |   0.3 |   0.0 |   0.9 | 168.5
       Dungeon | 100.0 | 100.0 |   0.3 |   0.0 |   0.9 | 168.5
               +-------+-------+-------+-------+-------+----------------------
